← All builds
Geo / Cortex / Economy first / OBSERVED BUILD

Standard geo

Standard Geo economy-first play: geothermal into T2 constructor and Advanced Bot Lab, blowing the commander for T2 and bringing Sheldon or similar bots to front while supplying constructors to allies.

Usually blows up the commander for T2 (69%)

#eco #t2 #team support · 142 distinct matches · 44 players · 36% of Cortex Geo games · team won 47% of 143 · Recently observed

THE CATCH, AND WHAT COMES WITH IT
  • SheldonSheldon in 41%20% of all Geo games by then

Then transitions into Sheldon (22% of army), Sumo (8% of army).

HOW TO PLAY IT

Key timing: T2 constructor by 5:01

  1. Take 3 mex, then chain wind and a bot lab by 1:13.
  2. Get geothermal up for the energy to push tech.
  3. Hit T2 constructor and start advanced mex and advanced geo.
  4. Bring up the T2 lab and start pumping Sheldon to front.
  5. Pay allies with cons and rez bots while supplying Sheldon and Arbiter.

Phase by phase

TYPICAL OF ITS 142 GAMES
  1. 1
  2. 2
  3. 3
  4. 4
PLAY THE OPENING

Follow the example game's first 6:00 step by step: what to build now, what comes next, and where it goes. At 1× it keeps pace with your own game.

  1. 1

    Up to the Bot Lab

    Economy
    • Metal Extractor3Mex
    • Wind Turbine3Wind
    Order
    1. Bot LabBot Lab after 3 mex, 3 winddone ~1:13, middle half 0:57–1:19

    By 0:56 in all: 3 mex · 3 wind

    The example game in this phase · 3 steps
    1. Mex ×2
    2. Wind ×4
    3. Bot LabBot Labdone 1:01 · typical 1:13
  2. 2

    Bot Lab to 5:00

    Economy
    • Metal Extractor1Mex
    • Wind Turbine4Wind
    • Energy Converter9Converter
    • Energy Storage1Energy storage
    Order
    1. Geothermal PowerplantGeo after 4 mex, 6 wind, 1 energy storage
    Builders
    • Construction Turret5 Con turret
    • Graverobber4 Graverobber
    • Construction Bot2 Con bot
    • Construction Bot1 Con bot for allies
    • Graverobber1 Graverobber for allies

    By 5:00 in all: 4 mex · 7 wind · 1 geo · 9 converter · 1 energy storage · 5 con turret

    The example game in this phase · 26 steps
    1. Wind
    2. GraverobberGraverobber ×3
    3. GraverobberGraverobberfor Beach sea
    4. Construction BotCon botfor Beach sea
    5. Energy storage
    6. Construction BotCon bot ×2
    7. GraverobberGraverobber
    8. Mex
    9. Converter ×2
    10. Mex
    11. Converter
    12. Geothermal PowerplantGeodone 3:27 · typical 3:21
    13. Con turret
    14. Converter
    15. Con turret ×2
    16. Converter
    17. Con turret ×5
    18. Wind
    19. Converter
    20. Wind ×2
    21. Converter
    22. Wind
    23. Converter
    24. Wind
    25. Converter ×2
    26. Wind
  3. 3

    5:00 to Advanced Bot Lab

    Economy
    • Wind Turbine2Wind
    • Energy Converter2Converter
    Order
    1. Advanced Geothermal PowerplantAdvanced Geothermal Powerplant after 9 wind, 12 converter, 6 con turretin 62% of games
    2. Advanced Bot LabAdvanced Bot Lab after 12 wind, 14 converter, 7 con turretdone ~7:53, middle half 7:28–8:31
    Builders
    • Construction Turret1 Con turret

    By 7:15 in all: 4 mex · 11 wind · 1 geo · 1 Advanced Geothermal Powerplant · 13 converter · 1 energy storage

    The example game in this phase · 18 steps
    1. Advanced Metal ExtractorT2 mexdone 5:19 · typical 5:37
    2. Converter
    3. Wind ×2
    4. Advanced Metal ExtractorT2 mex
    5. Converter
    6. Wind
    7. GuardGuard
    8. Wind
    9. Advanced Metal ExtractorT2 mex
    10. Converter
    11. PrudePrudedone 6:42
    12. Wind
    13. Converter
    14. Advanced Metal ExtractorT2 mex
    15. Wind ×2
    16. Converter
    17. Wind
    18. Advanced Bot LabAdvanced Bot Labdone 7:34 · typical 7:53
  4. 4

    Advanced Bot Lab to 10:00

    Economy
    • Energy Converter3Converter

    Some games also: T2 con bot for allies (46%) · Sheldon (45%) · radar bot (45%) · jammer bot (42%) · con turret (42%)

    By 10:00 in all: 4 mex · 15 wind · 1 geo · 1 Advanced Geothermal Powerplant · 18 converter · 1 energy storage

    The example game in this phase · 154 steps
    1. Advanced solar
    2. Converter
    3. Energy storage
    4. TwitcherTwitcher
    5. Advanced Construction BotT2 con botfor Suicide front
    6. SheldonSheldondone 7:54 · typical 8:44
    7. AugurRadar bot
    8. Advanced solar
    9. DeceiverJammer bot
    10. Advanced solar
    11. SheldonSheldon ×2
    12. Advanced solar
    13. SheldonSheldon ×3
    14. FiendFiend
    15. Wind
    16. FiendFiend ×2
    17. SheldonSheldon
    18. Wind
    19. Bot LabBot Labdone 9:15
    20. SheldonSheldon
    21. Wind
    22. SheldonSheldon
    23. Wind
    24. GruntGrunt
    25. SheldonSheldon
    26. GruntGrunt
    27. Wind
    28. GruntGrunt
    29. SheldonSheldon
    30. GruntGrunt
    31. Wind
    32. SheldonSheldon
    33. GruntGrunt
    34. Wind
    35. SheldonSheldon
    36. GruntGrunt
    37. ManticoreManticoredone 10:08
    38. Wind
    39. GruntGrunt
    40. ThistleThistle
    41. GruntGrunt
    42. ManticoreManticore
    43. GruntGrunt ×2
    44. Wind
    45. GruntGrunt
    46. ManticoreManticore
    47. Wind
    48. GruntGrunt ×2
    49. SheldonSheldon
    50. Con turret
    51. GruntGrunt
    52. Con turret
    53. GruntGrunt
    54. SheldonSheldon
    55. GruntGrunt
    56. Con turret
    57. Converter
    58. Con turret
    59. Converter
    60. GruntGrunt
    61. Con turret
    62. Converter ×3
    63. Con turret
    64. SheldonSheldon
    65. Converter
    66. GruntGrunt
    67. Converter
    68. Con turret
    69. Converter
    70. GruntGrunt
    71. Con turret
    72. Converter ×2
    73. GruntGrunt
    74. Con turret
    75. SheldonSheldon
    76. Converter
    77. GruntGrunt
    78. Converter
    79. GruntGrunt
    80. SheldonSheldon
    81. Converter
    82. GruntGrunt
    83. Converter
    84. SheldonSheldon
    85. GruntGrunt
    86. Converter
    87. FiendFiend
    88. GruntGrunt
    89. Converter
    90. FiendFiend
    91. GruntGrunt ×2
    92. FiendFiend
    93. GruntGrunt
    94. FiendFiend
    95. GruntGrunt
    96. FiendFiend
    97. GruntGrunt
    98. Wind
    99. FiendFiend
    100. GruntGrunt
    101. Wind
    102. FiendFiend
    103. GruntGrunt
    104. Wind
    105. FiendFiend
    106. GruntGrunt
    107. FiendFiend
    108. GruntGrunt
    109. Wind
    110. GraverobberGraverobber
    111. FiendFiend
    112. Wind
    113. GraverobberGraverobber
    114. Con turret
    115. Advanced Construction BotT2 con bot
    116. Wind
    117. GraverobberGraverobber
    118. Wind
    119. Con turret
    120. Wind ×2
    121. GraverobberGraverobber
    122. SheldonSheldon
    123. Wind
    124. GraverobberGraverobber
    125. SheldonSheldon
    126. Wind
    127. SheldonSheldon
    128. GraverobberGraverobber
    129. Wind
    130. ArbiterArbiterdone 14:20
    131. GraverobberGraverobber
    132. Wind
    133. SheldonSheldon
    134. GraverobberGraverobber
    135. SheldonSheldon
    136. GraverobberGraverobber
    137. Wind
    138. SheldonSheldon
    139. GraverobberGraverobber
    140. ArbiterArbiter
    141. Wind
    142. GraverobberGraverobber
    143. SheldonSheldon ×2
    144. Wind
    145. GraverobberGraverobber
    146. Wind
    147. SheldonSheldon
    148. Wind
    149. GraverobberGraverobber
    150. Wind
    151. SheldonSheldon
    152. Wind ×2
    153. SheldonSheldon ×2
    154. Wind

Counts are medians over the build's games: half of them build more, half fewer. The example game is Erilium's (50 OS, 12/09/2026); pick another.

Team trades

IN AT LEAST 30% OF ITS GAMES

You hand over

  • Graverobber1 Graverobber to Beach sea or Frontfirst at 2:26 · in 76% of games
  • Construction Bot1 Con bot to Beach sea or Pondfirst at 2:43 · in 87% of games
  • Advanced Construction Bot1 T2 con bot to Suicide front or Frontfirst at 8:31 · in 53% of games

You get

  • Advanced Construction Bot1 T2 con bot from Techfirst at 4:50 · in 92% of games

How it plays out

Typical game of this build, running totals by minute

Metal produced

020k40k
0:005:0010:0015:00

metal

Enemy metal destroyed

05k10k
0:005:0010:0015:00

metal

Own metal lost

02.5k5k7.5k
0:005:0010:0015:00

metal

143 games.

Show as table
ByMetal produced: This buildEnemy metal destroyed: This buildOwn metal lost: This build
1:0033500
2:0085900
3:00149700
4:00266200
5:00375600
6:00567400
7:00798600
8:001103400
9:00140803174
10:0016922334258
11:00197691255720
12:002264824991538
13:002551243162629
14:002849760034360
15:003174782646299
WHAT THE NUMBERS SAY

Standard geo won under half its games while destroying far more metal than it lost by 15:00, showing the T2 push pays off when it lands.

  • + Enemy metal destroyed hits 7969 by 15:00 versus only 6290 lost.
  • + Advanced geothermal reached in 67% of games, funding a fast T2 lab.
  • − Team win rate sits at only 45%, below an even split.
  • − First Sheldon only appears by 9:06 in 31% of games, so T2 units often arrive late.
THE EXAMPLE YOU ARE READING

Erilium

49.8 OS · 12/09/2026

Open source match ↗

7 received units · includes a constructor
4749 metal received · 89563 energy received

Allied construction assistance is unknown. Timings are observations, not a promise of solo reproducibility.

Typical milestones

Bot Lab1:13Middle 50%: 0:57–1:19 · n=143
Geothermal Powerplant3:21Middle 50%: 3:08–3:37 · n=143
Advanced Metal Extractor5:37Middle 50%: 5:19–6:00 · n=130
Advanced Geothermal Powerplant7:07Middle 50%: 6:44–7:32 · n=94
Advanced Bot Lab7:53Middle 50%: 7:28–8:31 · n=103
Sheldon8:44Middle 50%: 8:05–9:20 · n=83

Played most by

RogShotz12games of this buildzeus_on_god12games of this build_Hawkey_9games of this buildAmrissa9games of this buildViltrum9games of this build